 Dungeon Crawl Stone Soup version 0.29.0-10-g45618ea6d2 (webtiles) character file.

Game seed: 4552543822345128292

21307 pacmanke6689 the Bludgeoner (level 13, -9/111 (114) HPs)
             Began as a Meteoran Fighter on Sept 1, 2022.
             Was the Champion of Jiyva.
             Mangled by a tarantella (22 damage)
             ... on level 2 of the Spider Nest.
             The game lasted 00:41:59 (6873 turns).

pacmanke6689 the Bludgeoner (Meteoran Fighter)      Turns: 6873, Time: 00:42:00

HP:   -9/111 (114)  AC: 20    Str: 22    XL:     13   Next: 49%
MP:   25/25         EV: 11    Int: 10    God:    Jiyva [******]
Gold: 286           SH:  7    Dex: 18    Spells: 14/15 levels left

rFire   . . .      SeeInvis +   f - +2 hammer (drain)
rCold   . . .      Faith    .   c - +0 buckler
rNeg    + . .      Spirit   .   t - +4 chain mail {rN+}
rPois   .          Reflect  .   (no helmet)
rElec   +          Harm     .   n - +0 cloak
rCorr   +          Rampage  .   l - +0 pair of gloves
Will    +....                   (boots unavailable)
Stlth   ..........              (no amulet)
HPRegen 1.88/turn               e - ring "Qeanak" {MP+9 Dex+3}
MPRegen 0.69/turn               (no ring)

@: about to teleport, glowing, lightly drained
A: sense surroundings 2, otherworldly, glowing, explore regen, talons 3,
mutation resistance 2, electricity resistance, eyeballs 3
a: Renounce Religion, Oozemancy, Slimify


You were on level 2 of the Spider Nest.
You worshipped Jiyva.
Jiyva was exalted by your worship.
You visited 3 branches of the dungeon, and saw 14 of its levels.
You also visited: Ossuary.

You collected 421 gold pieces.
You spent 135 gold pieces at shops.

Inventory:

Hand Weapons
 a - a +0 vorpal flail
 f - a +2 hammer of draining (weapon)
Armour
 b - a +0 scale mail
 c - a +0 buckler (worn)
 k - a +0 pair of boots
 l - a +0 pair of gloves (worn)
 n - a +0 cloak (worn)
 t - a +4 chain mail of positive energy (worn)
Jewellery
 e - the ring "Qeanak" (left hand) {MP+9 Dex+3}
   (You acquired it on level 3 of the Dungeon)

   [ring of magical power]

   Dex:       It affects your dexterity (+3).
   MP:        It affects your magic capacity (+9).
 m - a +4 ring of slaying
 p - an amulet of magic regeneration
Wands
 g - a wand of polymorph (8)
 h - a wand of roots (2)
 j - a wand of mindburst (28)
 o - a wand of quicksilver (7)
 C - a wand of flame (6)
Scrolls
 x - a scroll of noise {unknown}
 y - a scroll of immolation
 A - a scroll of teleportation
 D - a scroll of torment {unknown}
Potions
 d - a potion of might
 i - 3 potions of lignification
 q - 2 potions of magic
 r - 4 potions of curing
 s - a potion of degeneration {unknown}
 u - a potion of ambrosia
 v - 3 potions of attraction
 w - 2 potions of berserk rage
 z - a potion of brilliance {unknown}
 B - 2 potions of heal wounds {unknown}


   Skills:
 + Level 10.7 Fighting
 + Level 15.2 Maces & Flails
 + Level 13.2 Armour
 + Level 5.8 Dodging
 + Level 11.5 Shields
 + Level 1.6 Spellcasting
 + Level 1.2 Ice Magic


You had 14 spell levels left.
You knew the following spells:

 Your Spells              Type           Power      Damage    Failure   Level
a - Freeze                Ice            12%        1d4       77%         1

Your spell library contained the following spells:

 Spells                   Type           Power      Damage    Failure   Level
 Necrotise                Necr           0%         1d4       90%         1
 Frozen Ramparts          Ice            6%         1d1       98%         3
 Dazzling Flash           Conj/Hex       0%         N/A       99%         3
 Vampiric Draining        Necr           0%         2d6       99%         3
 Hailstorm                Conj/Ice       2%         3d3       100%        4
 Ice Form                 Ice/Tmut       2%         N/A       100%        4
 Summon Ice Beast         Ice/Summ       2%         N/A       100%        4
 Agony                    Necr           0%         N/A       100%        5
 Silence                  Hex/Air        0%         N/A       100%        5


Dungeon Overview and Level Annotations

Branches:
Dungeon (10/15) Zot: 566   Temple (0/1) D:6            Lair (2/5) D:10 Zot: 246
 Spider (1/4) Lair:2 Zot: 950 Ossuary (visited)
  Swamp: Lair:2-3    Shoals: Lair:2-3       Orc: D:9-12

Altars:
Cheibriados
Elyvilon
Kikubaaqudgha
Makhleb
Okawaru
Wu Jian
Xom
Zin
The Shining One
Jiyva

Shops:
D:5 [   D:6 [


Innate Abilities, Weirdness & Mutations

You passively map the area around you.
You are easily found by Zot.
You glow in the dark.
You regain HP and MP as you explore.
You have claws for feet.
You are somewhat resistant to both further mutation and mutation removal.
You are resistant to electric shocks. (rElec)
Your body is covered in eyes which may confuse attackers. (Acc +7, SInv)


Message History

The meliai moves out of view.
You hear an angry buzzing noise.
As you read the scroll of teleportation, it crumbles to dust.
You feel strangely unstable.
You hear a faint skittering sound.
A redback comes into view.
The tarantella touches you but does no damage.
The jumping spider pounces on you! The jumping spider barely misses you.
The moth of wrath bites you but does no damage.
The tarantella completely misses you.
You thump the jumping spider! You drain the jumping spider.
Your kick misses the jumping spider.
The jumping spider is almost dead.
The jumping spider leaps!
The moth of wrath bites you! You block the tarantella's attack.
The eyeballs on your body gaze at the tarantella.
You feel a bit more experienced.
You thump the moth of wrath! You claw the moth of wrath!
The moth of wrath is heavily wounded.
The jumping spider leaps!
The tarantella touches you!
* * * LOW HITPOINT WARNING * * *
The moth of wrath closely misses you.
You sock the pharaoh ant!
The pharaoh ant is moderately damaged.
The tarantella barely misses you.
The eyeballs on your body gaze at the tarantella.
The pharaoh ant bites you!
* * * LOW HITPOINT WARNING * * *
You partially resist.
You feel drained.
The moth of wrath goads the tarantella on!
The tarantella goes berserk!
You feel better. The meliai hits you with a +0 hand axe.
* * * LOW HITPOINT WARNING * * *
The eyeballs on your body gaze at the meliai.
The meliai stings you but does no damage.
The meliai calls down the wrath of its god upon you.
Something smites you!
* * * LOW HITPOINT WARNING * * *
The tarantella touches you!!
You die...

, , , , , ^* ,
,...^,^##..# *
, , , # ..*
.#...,., * ,
..,*#.##.^..
.., , , ,
...##.....( ...
,, , ,,
...s...^..,...>
, , , ,....yy.
.s,* * * * , ,
* #.sy#.# , , ,
,, ,#@B#, ,, *
,* ,
#.....y°.......
#.#.#..##.s.#..
* , * * *
#...#####...,*
* , , ^*,
#..s... #. #.#.
..##.. . , ,
,#y... ,
...#..#,.# **
#^#..,
..#....#... **
* *,....##
,#..#... *


You could see a moth of wrath, 2 culicivoras, a pharaoh ant, a jumping spider
(drained), a tarantella (berserk, confused), a redback and 3 meliai.

Vanquished Creatures
  A ghost moth (Spider:2)
  A hydra (Lair:2)
  A two-headed ogre (D:9)
  Amaemon (D:9)
  An orb spider (Lair:2)
  2 wolf spiders (Spider:2)
  A gargoyle (D:10)
  A torpor snail (Spider:1)
  An orange demon (D:9)
  2 cane toads
  A rime drake (Lair:1)
  3 komodo dragons
  4 unseen horror zombies (D:9)
  2 tarantellas
  A hornet (D:7)
  7 blink frogs (Lair:1)
  2 culicivoras (Spider:1)
  2 jumping spiders (Spider:1)
  2 wraiths
  17 yaks
  5 redbacks (Spider:1)
  A basilisk (Lair:1)
  3 wargs (D:10)
  5 water moccasins
  An orc warrior (D:8)
  A sky beast (D:7)
  2 ogres (D:5)
  5 wolves (Lair:2)
  A centaur (D:9)
  A kobold brigand (D:7)
  2 phantoms
  2 bullfrogs
  2 water moccasin zombies (Ossuary)
  6 wights (D:9)
  19 killer bees
  3 electric eels (Spider:1)
  3 howler monkeys (D:9)
  A crimson imp (D:7)
  2 centaur zombies (D:9)
  4 orc priests
  Crazy Yiuf (D:3)
  2 hounds
  2 gnoll boudas (D:5)
  An iguana (D:4)
  13 orc wizards
  Natasha (thrice) (D:3)
  A killer bee zombie (D:9)
  2 mummies (Ossuary)
  A howler monkey zombie (D:9)
  Robin (D:2)
  12 gnolls
  6 adders
  A shadow imp (D:5)
  2 adder zombies (Ossuary)
  2 worms (D:4)
  2 dart slugs
  34 orcs
  5 ball pythons
  3 endoplasms
  A giant cockroach (D:4)
  6 gnoll zombies (Ossuary)
  15 goblins
  11 hobgoblins
  4 jackals (D:1)
  7 kobolds
  7 quokkas
  7 bats
  4 frilled lizards
  8 hobgoblin zombies (Ossuary)
  5 kobold zombies (Ossuary)
  2 orc zombies (Ossuary)
  5 rats
298 creatures vanquished.

Vanquished Creatures (collateral kills)
  Erolcha (D:9)
  A jorogumo (Spider:1)
  2 orb spiders (Spider:1)
  A wolf spider (Spider:1)
  A cyclops (D:9)
  An unseen horror zombie (D:9)
  A steam dragon (D:8)
  A wight (D:9)
9 creatures vanquished.

Vanquished Creatures (others)
  Sigmund (D:2)
  A jumping spider (Spider:1)
  A wight (D:9)
  A water moccasin zombie (Ossuary)
  5 killer bees
  19 jellies
  An orc priest (D:6)
  An adder (D:3)
  A shadow imp (D:6)
  A white imp (D:6)
  2 worms
  A dart slug (D:4)
  An endoplasm (D:3)
  7 orcs
  2 ball pythons (D:3)
  A giant cockroach (D:4)
  A goblin (D:4)
  2 hobgoblins
  4 kobolds (D:4)
  22 fungi
  14 plants
  6 withered plants (D:9)
95 creatures vanquished.

Grand Total: 402 creatures vanquished

Notes
Turn   | Place    | Note
-------+----------+-------------------------------------------
     0 | D:1      | pacmanke6689 the Meteoran Fighter began the quest for the
                  | Orb.
     0 | D:1      | Reached XP level 1. HP: 19/19 MP: 2/2
    79 | D:1      | Reached XP level 2. HP: 26/26 MP: 3/3
   212 | D:1      | Reached skill level 3 in Maces & Flails
   212 | D:1      | Reached XP level 3. HP: 21/31 MP: 4/4
   477 | D:1      | Glimpsed the power of Zot.
   527 | D:1      | Glimpsed the power of Zot.
   556 | D:2      | Found a faded altar of an unknown god.
   596 | D:2      | Prayed at the altar of an unknown god.
   596 | D:2      | Became a worshipper of Jiyva Jesuqocw the Shapeless
   596 | D:2      | Reached * piety under Jiyva
   750 | D:2      | Noticed Robin
   756 | D:2      | Reached XP level 4. HP: 39/39 MP: 5/5
   761 | D:2      | Killed Robin
   799 | D:2      | Reached skill level 1 in Dodging
   902 | D:2      | Learned a level 1 spell: Freeze
  1012 | D:2      | Killed Sigmund
  1050 | D:2      | Glimpsed the power of Zot.
  1053 | D:2      | Reached XP level 5. HP: 46/46 MP: 6/6
  1091 | D:2      | Reached skill level 4 in Maces & Flails
  1095 | D:2      | Glimpsed the power of Zot.
  1136 | D:3      | Identified a scroll of acquirement
  1138 | D:3      | Acquired the ring "Qeanak" {MP+9 Dex+3}
  1272 | D:3      | Noticed Natasha
  1288 | D:3      | Killed Natasha
  1334 | D:3      | Found a runed translucent door.
  1334 | D:3      | Reached ** piety under Jiyva
  1335 | D:3      | Noticed Crazy Yiuf
  1349 | D:3      | Killed Crazy Yiuf
  1350 | D:3      | Reached XP level 6. HP: 20/52 MP: 7/7
  1356 | D:3      | Gained mutation: You are agile. (Dex +4, Str/Int -1)
                  | [potion of mutation]
  1384 | D:3      | Noticed Natasha
  1386 | D:3      | Killed Natasha
  1479 | D:3      | Noticed Natasha
  1500 | D:3      | Killed Natasha
  1501 | D:3      | Reached skill level 5 in Armour
  1510 | D:3      | Found a white marble altar of Elyvilon.
  1634 | D:3      | Glimpsed the power of Zot.
  1684 | D:3      | Glimpsed the power of Zot.
  1739 | D:4      | Reached skill level 5 in Maces & Flails
  1832 | D:4      | Found a glowing golden altar of the Shining One.
  1874 | D:4      | Found a snail-covered altar of Cheibriados.
  1933 | D:4      | Reached *** piety under Jiyva
  1960 | D:4      | Reached XP level 7. HP: 58/59 MP: 8/8
  2058 | D:4      | Gained mutation: You are somewhat resistant to further
                  | mutation. [Jiyva's grace]
  2058 | D:4      | Gained mutation: You are somewhat resistant to both further
                  | mutation and mutation removal. [Jiyva's grace]
  2058 | D:4      | Gained mutation: You are almost entirely resistant to
                  | further mutation and mutation removal. [Jiyva's grace]
  2058 | D:4      | Gained mutation: You expend magic power (3 MP) to
                  | strengthen your wands. [Jiyva's grace]
  2139 | D:4      | Found an iron altar of Okawaru.
  2169 | D:4      | Found an ornate altar of the Wu Jian Council.
  2213 | D:4      | Glimpsed the power of Zot.
  2251 | D:5      | Entered Level 5 of the Dungeon
  2378 | D:5      | Reached skill level 6 in Maces & Flails
  2382 | D:5      | Reached XP level 8. HP: 30/67 MP: 9/9
  2386 | D:5      | Found Cebenecw's Armour Shop.
  2389 | D:5      | Reached **** piety under Jiyva
  2470 | D:5      | Reached skill level 5 in Fighting
  2470 | D:5      | Reached skill level 7 in Maces & Flails
  2472 | D:5      | Found a glowing silver altar of Zin.
  2484 | D:5      | Bought a +1 chain mail of positive energy for 135 gold
                  | pieces
  2730 | D:5      | Identified the +7 mace "Unu Wymm" {vorpal, rPois}
  2802 | D:5      | Glimpsed the power of Zot.
  2848 | D:6      | Reached skill level 5 in Shields
  2953 | D:6      | Found a staircase to the Ecumenical Temple.
  3009 | D:6      | Found an ancient bone altar of Kikubaaqudgha.
  3032 | D:6      | Reached ***** piety under Jiyva
  3070 | D:6      | Found Gunuiska's Armour Boutique.
  3400 | D:6      | Glimpsed the power of Zot.
  3589 | D:7      | Lost mutation: You are almost entirely resistant to further
                  | mutation and mutation removal. [Jiyva's grace]
  3589 | D:7      | Gained mutation: You have a small jelly attached to you
                  | that may absorb projectiles. [Jiyva's grace]
  3589 | D:7      | Gained mutation: Your body has grown eyes which may confuse
                  | attackers. (Acc +3) [Jiyva's grace]
  3589 | D:7      | Gained mutation: Your body has grown many eyes which may
                  | confuse attackers. (Acc +5) [Jiyva's grace]
  3589 | D:7      | Gained mutation: Your body is covered in eyes which may
                  | confuse attackers. (Acc +7, SInv) [Jiyva's grace]
  3777 | D:7      | Found a shimmering altar of Xom.
  3777 | D:7      | Found a burning altar of Makhleb.
  3790 | D:7      | Gained mutation: You passively map the area around you.
                  | [Meteoran growth]
  3790 | D:7      | Reached XP level 9. HP: 73/74 MP: 10/10
  3845 | D:7      | Reached skill level 8 in Maces & Flails
  3849 | D:7      | Noticed a hornet
  3856 | D:7      | Killed a hornet
  3959 | D:7      | Lost mutation: You have a small jelly attached to you that
                  | may absorb projectiles. [potion of mutation]
  3995 | D:7      | Glimpsed the power of Zot.
  4132 | D:8      | Reached skill level 9 in Maces & Flails
  4152 | D:8      | Found a sand-covered staircase.
  4162 | Ossuary  | Entered an ossuary
  4384 | Ossuary  | Lost mutation: You expend magic power (3 MP) to strengthen
                  | your wands. [potion of mutation]
  4384 | Ossuary  | Lost mutation: You are agile. (Dex +4, Str/Int -1) [potion
                  | of mutation]
  4827 | D:8      | Glimpsed the power of Zot.
  4845 | D:9      | Noticed Erolcha
  4867 | D:8      | Reached skill level 10 in Maces & Flails
  4868 | D:8      | Reached XP level 10. HP: 81/83 MP: 11/11
  4923 | D:9      | Reached skill level 11 in Maces & Flails
  4941 | D:9      | Killed Erolcha
  4942 | D:9      | Reached skill level 12 in Maces & Flails
  4951 | D:9      | Reached ****** piety under Jiyva
  5007 | D:9      | Noticed Amaemon
  5019 | D:9      | Noticed an orange demon
  5044 | D:9      | Killed an orange demon
  5050 | D:9      | Killed Amaemon
  5051 | D:9      | Reached XP level 11. HP: 47/94 MP: 12/12
  5195 | D:9      | Reached skill level 1 in Spellcasting
  5213 | D:9      | Reached skill level 13 in Maces & Flails
  5213 | D:9      | Reached skill level 1 in Ice Magic
  5368 | D:9      | Noticed a two-headed ogre
  5399 | D:9      | Reached skill level 10 in Armour
  5400 | D:9      | Killed a two-headed ogre
  5425 | D:9      | Noticed a cyclops
  5441 | D:9      | Killed a cyclops
  5454 | D:9      | Glimpsed the power of Zot.
  5470 | D:10     | Entered Level 10 of the Dungeon
  5589 | D:10     | Found a staircase to the Lair.
  5601 | Lair:1   | Entered Level 1 of the Lair of Beasts
  5601 | Lair:1   | Gained mutation: You have sharp toenails. [Jiyva's grace]
  5601 | Lair:1   | Gained mutation: You have razor-sharp toenails. [Jiyva's
                  | grace]
  5601 | Lair:1   | Gained mutation: You have claws for feet. [Jiyva's grace]
  5601 | Lair:1   | Gained mutation: You are resistant to electric shocks.
                  | (rElec) [Jiyva's grace]
  5651 | Lair:1   | Reached skill level 14 in Maces & Flails
  5651 | Lair:1   | Reached XP level 12. HP: 64/103 MP: 15/15
  5806 | Lair:1   | Identified the +4 falchion "Demonbane" {holy, Drain +Blink
                  | rPois rCorr}
  5857 | Lair:1   | Reached skill level 5 in Dodging
  6129 | Lair:2   | Reached skill level 10 in Shields
  6248 | Lair:2   | Noticed a five-headed hydra
  6269 | Lair:2   | Killed a five-headed hydra
  6289 | Lair:2   | Identified the +2 pair of gloves of Daffodils {Fly rElec
                  | rPois Int-4}
  6489 | Lair:2   | Found a hole to the Spider Nest.
  6489 | Lair:2   | Noticed an orb spider
  6603 | Lair:2   | Killed an orb spider
  6604 | Lair:2   | Reached skill level 10 in Fighting
  6606 | Spider:1 | Entered Level 1 of the Spider Nest
  6632 | Spider:1 | Reached XP level 13. HP: 85/113 MP: 16/16
  6652 | Spider:1 | Noticed an emperor scorpion
  6663 | Spider:1 | Slimified an emperor scorpion
  6663 | Spider:1 | an emperor scorpion changed into a slime creature
  6711 | Spider:1 | Reached skill level 15 in Maces & Flails
  6805 | Spider:1 | Noticed a jorogumo
  6814 | Spider:1 | Killed a jorogumo
  6824 | Spider:1 | You fall into a shaft and drop 1 floor!
  6826 | Spider:2 | Noticed a ghost moth
  6844 | Spider:2 | Killed a ghost moth
  6844 | Spider:2 | Noticed a spark wasp
  6873 | Spider:2 | Mangled by a tarantella

Illustrated notes

Levels and vault maps discovered:
D:1:      beargit_arrival_greenhouse, layout_basic
D:2:      layout_rooms, hellmonk_ecumenical_altar_arch_garden, uniq_robin,
          uniq_sigmund
D:3:      layout_basic, lemuel_crystal_altar, uniq_crazy_yiuf_cottage,
          uniq_natasha
D:4:      cheibrodos_thug_alley, layout_cave_pools, slow_altar_2,
          mainiacjoe_overflow_chevrons, mainiacjoe_overflow_cross_hatched,
          okawaru_ov_weapons_minmay, serial_column_ruins,
          column_ruins_square_small, column_ruins_hut, column_ruins_open_medium,
          column_ruins_open_large, column_ruins_columns_straight,
          column_ruins_columns_corner, column_ruins_columns_straight
D:5:      layout_loops_ring, mainiacjoe_overflow_24_doors, serial_shops, shop,
          serial_aquarium, aquarium_bridge_square [aquarium_subvault_balcony,
          aquarium_subvault_window, aquarium_subvault_wall,
          aquarium_subvault_bridge], aquarium_window_corridor_3,
          aquarium_window_corner, aquarium_view_2a, aquarium_view_2b,
          kennysheep_generic_room_6
D:6:      layout_basic, old_standard_altar, minmay_temple_entry_poolview,
          serial_shops, kennysheep_mini
D:7:      kennysheep_steamy, layout_loops_corners,
          grunt_temple_overflow_champion_of_chaos
D:8:      layout_basic, nicolae_ossuary_entry_ruins, minmay_puff
D:9:      layout_long_grid, old_standard_altar, serial_undead, serial_undead_f,
          serial_undead_f, serial_undead_f, serial_undead_c, kb_rosetta,
          uniq_amaemon, uniq_erolcha
D:10:     layout_long_grid, erik_lair_orcish_takeover, enter_bailey_5,
          nicolae_island_escapes, uniq_lodul
Lair:1:   wad_woods_minihive, layout_regular_city, infiniplex_staircase_pool_2
Lair:2:   layout_roguey, nicolae_spider_entry_orb_guardian,
          dreamdust_mushroom_princess, hibernation_bobbens
Spider:1: layout_spider_delve
Spider:2: layout_spider_delve, hangedman_spider_tarantella_strand, uniq_nikola

Skill      XL: |  1  2  3  4  5  6  7  8  9 10 11 12 13 |
---------------+----------------------------------------+-----
Shields        | 4 5 6 7 9 10 11 | 11.5
Maces & Flails | 3 4 5 6 7 10 12 14 15 | 15.2
Armour         | 4 5 6 7 8 9 10 12 13 | 13.2
Dodging        | 1 2 3 4 5 |  5.8
Fighting       | 4 5 6 7 8 10 | 10.7
Spellcasting   | 1 |  1.6
Ice Magic      | 1 |  1.2

Action                   |  1- 3 |  4- 6 |  7- 9 | 10-12 | 13-15 || total
-------------------------+-------+-------+-------+-------+-------++-------
Melee: Flail             |   102 |   128 |       |       |       ||   230
       Mace              |       |    62 |   359 |   455 |    74 ||   950
       Unarmed           |       |     1 |       |       |       ||     1
       Kick              |       |       |       |    93 |    35 ||   128
 Cast: Freeze            |       |     1 |       |       |     1 ||     2
Invok: Oozemancy         |       |       |       |     1 |       ||     1
       Slimify           |       |       |       |       |     1 ||     1
  Use: Scroll            |       |     9 |     6 |     6 |     2 ||    23
       Potion            |       |     4 |     4 |     1 |     3 ||    12
 Stab: Confused          |       |       |     6 |    37 |     3 ||    46
Armor: Scale mail        |    89 |   118 |    66 |       |       ||   273
       Chain mail        |       |       |   113 |   321 |    55 ||   489
Dodge: Dodged            |    51 |    76 |    81 |   219 |    40 ||   467
Block: Buckler           |    39 |    53 |   103 |   192 |    31 ||   418
